 Dungeon Crawl Stone Soup version 0.26-a0-664-gc8b27b8fc1 (webtiles) character file.

Game seed: 3011394222281717991

10927 PentaManta the Spry (level 11, -7/54 HPs)
             Began as a Spriggan Berserker on Oct 13, 2020.
             Was a High Priest of Trog.
             Mangled by an ice devil (13 damage)
             ... while paralysed
             ... in an ice cave.
             The game lasted 00:33:58 (11454 turns).

PentaManta the Spry (Spriggan Berserker)           Turns: 11454, Time: 00:33:59

Health: -7/54      AC:  4    Str: 13    XL:     11   Next: 42%
Magic:  12/12      EV:  4    Int: 15    God:    Trog [*****.]
Gold:   624        SH:  0    Dex: 25    Spells: 10/10 levels left

rFire    . . .     SeeInvis +   R - +3 short sword (flame)
rCold    . . .     Faith    .   z - +1 buckler
rNeg     . . .     Spirit   .   b - +0 animal skin
rPois    .         Reflect  +   (helmet restricted)
rElec    .         Harm     .   H - +1 cloak
rCorr    .         Rampage  .   (gloves unavailable)
MR       +....                  (boots unavailable)
Stlth    ++++......             a - amulet of reflection
HPRegen  0.18/turn              D - +6 ring of dexterity
MPRegen  0.13/turn              u - +6 ring of intelligence

@: paralysed, berserk cooldown, slowed, very quick
A: very small, unfitting armour, see invisible, speed 3
a: Berserk, Trog's Hand, Brothers in Arms, Renounce Religion


You were in an ice cave.
You worshipped Trog.
Trog was extremely pleased with you.
You visited 2 branches of the dungeon, and saw 12 of its levels.
You also visited: Bailey and Ice Cave.

You collected 624 gold pieces.

Inventory:

Hand Weapons
 e - the +5 dagger of the Sky {antimagic, rF+}
   (You found it on level 4 of the Dungeon)

   It reduces the magical energy of the wielder, and disrupts the spells and
   magical abilities of those hit.
   Natural abilities and divine invocations are not affected.
   It protects you from fire.
 k - a +0 hunting sling
 l - a +3 dagger of venom
 n - a +1 whip of electrocution
 y - a +0 vampiric dagger
 R - a +3 short sword of flaming (weapon)
 S - a +4 short sword
Missiles
 i - 47 poisoned darts (quivered)
 o - 288 stones
 B - 23 sling bullets
Armour
 b - a +0 animal skin (worn)
 z - a +1 buckler (worn)
 H - a +1 cloak (worn)
Jewellery
 a - an amulet of reflection (around neck)
 u - a +6 ring of intelligence (right hand)
 D - a +6 ring of dexterity (left hand)
 N - an uncursed ring of flight
 T - an uncursed amulet of faith
 V - the ring of Tuadib {*Slow EV-4 Dex+8}
   (You found it in a bailey)

   [ring of evasion]

   It affects your evasion (-4).
   It affects your dexterity (+8).
   It may slow you when you take damage.
Wands
 w - a wand of iceblast (21)
 F - a wand of digging (2)
 G - a wand of enslavement (5)
 L - a wand of random effects (15)
 O - a wand of polymorph (16)
 Q - a wand of disintegration (11)
Scrolls
 f - a scroll of fog
 g - 2 scrolls of remove curse
 m - 3 scrolls of blinking
 s - a scroll of fear
 x - 4 scrolls of enchant weapon
 E - a scroll of magic mapping
 M - 3 scrolls of teleportation
Potions
 c - 2 potions of curing
 h - 2 potions of resistance
 j - a potion of heal wounds
 p - a potion of flight
 q - a potion of magic
 r - a potion of cancellation
 t - 2 potions of invisibility
 v - 3 potions of stabbing
 A - 3 potions of mutation
 C - 3 potions of ambrosia
 I - a potion of might {unknown}
 J - a potion of lignification
 K - a potion of haste
Miscellaneous
 d - a box of beasts (3/3)
 U - a phantom mirror


   Skills:
 * Level 4.6 Fighting
 + Level 10.3 Short Blades
 + Level 15.6 Dodging
 + Level 5.5 Stealth
 - Level 7.2 Shields


You had 10 spell levels left.
You didn't know any spells.
Your spell library contained the following spells:

 Spells                   Type           Power        Failure   Level
 Magic Dart               Conj           #...         26%         1
 Blink                    Tloc           N/A          38%         2
 Call Imp                 Summ           #.......     38%         2
 Slow                     Hex            #.......     38%         2
 Conjure Flame            Conj/Fire      #.......     63%         3
 Mephitic Cloud           Conj/Pois/Air  #.......     63%         3


Dungeon Overview and Level Annotations

Branches:
Dungeon (11/15)            Temple (1/1) D:4            Lair (0/6) D:8
    Orc (0/2) D:10         Bailey (visited)           IceCv (1/1)

Altars:
Ashenzari
Cheibriados
Dithmenos
Elyvilon
Fedhas
Gozag
Hepliaklqana
Kikubaaqudgha
Makhleb
Nemelex Xobeh
Okawaru
Qazlal
Ru
Sif Muna
Trog
Uskayaw
Vehumet
Wu Jian
Xom
Yredelemnul
Zin
The Shining One

Annotations:
D:8 1 exclusion


Innate Abilities, Weirdness & Mutations

You are very small and have problems with some larger weapons.
You are too small for most types of armour.
You have supernaturally acute eyesight. (SInv)
You cover ground extremely quickly.


Message History

You block the ice devil's attack. The ice devil completely misses you.
You closely miss the ice devil.
The ice devil is almost dead.
You closely miss the ice devil.
The ice devil is almost dead.
You hit the ice devil. You burn the ice devil.
You kill the ice devil!
Trog accepts your kill. The ice devil barely misses you.
You are too berserk!
You puncture the ice devil! You burn the ice devil.
The ice devil is heavily wounded.
You puncture the ice devil! You burn the ice devil.
The ice devil is severely wounded.
You puncture the ice devil! You burn the ice devil.
The ice devil is almost dead.
You are no longer berserk.
You pass out from exhaustion.
You feel yourself slow down. The ice devil hits you!
You die...

#.............#
...............
...............
.......⌠.......
...............
...............
#.............#
#.4.# #@..#
##+##


You could see an ice devil.

Vanquished Creatures
  2 two-headed ogres (D:9)
  Pikel (D:9)
  An orc knight (Bailey)
  An ugly thing (D:11)
  A manticore (D:11)
  A centaur zombie (D:10)
  Joseph (D:9)
  Maurice (D:9)
  3 ice devils (IceCv)
  2 trolls
  A wraith (D:9)
  Eustachio (D:4)
  5 yaks (D:9)
  Edmund (D:5)
  An acid dragon (D:11)
  6 orc warriors
  An ice beast (D:7)
  6 sky beasts
  4 black bears
  2 phantoms
  An ogre (D:2)
  3 centaurs
  5 bullfrogs
  2 scorpions
  12 wights
  2 howler monkeys
  A bullfrog zombie (D:9)
  4 orc priests
  3 jellies
  2 bullfrog skeletons
  2 centaur skeletons
  6 hounds
  6 iguanas
  7 worker ants
  4 orc wizards
  A hound skeleton (D:4)
  A worker ant zombie (D:7)
  A howler monkey skeleton (D:6)
  16 adders
  3 shadow imps
  2 white imps
  3 ufetubi
  An ooze (D:1)
  An adder zombie (D:3)
  2 adder skeletons
  A worm (D:3)
  2 dart slugs (D:1)
  9 leopard geckos
  35 orcs
  3 ball pythons
  14 bats
  2 giant cockroaches
  14 goblins
  9 hobgoblins
  14 jackals
  18 kobolds
  3 quokkas
  3 frilled lizards
  A jackal skeleton (D:4)
  A leopard gecko zombie (D:9)
  A quokka skeleton (D:6)
  8 rats
271 creatures vanquished.

Vanquished Creatures (collateral kills)
  A two-headed ogre (D:8)
  An ice beast (D:8)
2 creatures vanquished.

Vanquished Creatures (others)
  2 orcs
  20 plants
22 creatures vanquished.

Grand Total: 295 creatures vanquished

Notes
Turn   | Place    | Note
-------+----------+-------------------------------------------
     0 | D:1      | PentaManta the Spriggan Berserker began the quest for the
                  | Orb.
     0 | D:1      | Reached XP level 1. HP: 11/11 MP: 2/2
    58 | D:1      | Reached XP level 2. HP: 16/16 MP: 3/3
    62 | D:1      | Reached skill level 5 in Dodging
   560 | D:1      | Reached XP level 3. HP: 19/19 MP: 4/4
   701 | D:1      | Reached ** piety under Trog
  1735 | D:2      | Found a faded altar of an unknown god.
  1858 | D:2      | Reached skill level 6 in Dodging
  1858 | D:2      | Reached XP level 4. HP: 18/23 MP: 5/5
  2313 | D:2      | Noticed an ogre
  2614 | D:2      | Killed an ogre
  2614 | D:2      | Reached skill level 5 in Short Blades
  2614 | D:2      | Reached XP level 5. HP: 27/27 MP: 6/6
  2903 | D:3      | Reached skill level 7 in Dodging
  3167 | D:3      | Reached *** piety under Trog
  3471 | D:3      | Reached XP level 6. HP: 22/32 MP: 7/7
  3662 | D:3      | Found a sacrificial altar of Ru.
  3662 | D:3      | Found a basalt altar of Yredelemnul.
  4222 | D:4      | Found a staircase to the Ecumenical Temple.
  4223 | D:4      | Noticed Eustachio
  4237 | D:4      | Killed Eustachio
  4237 | D:4      | Reached skill level 8 in Dodging
  4237 | D:4      | Reached skill level 1 in Shields
  4248 | Temple   | Entered the Ecumenical Temple
  4443 | D:4      | Got a faintly glowing dagger
  4444 | D:4      | Identified the +5 dagger of the Sky {antimagic, rF+} (You
                  | found it on level 4 of the Dungeon)
  4567 | D:4      | Reached XP level 7. HP: 35/35 MP: 2/8
  4781 | D:4      | Found a white marble altar of Elyvilon.
  5228 | D:5      | Entered Level 5 of the Dungeon
  5431 | D:5      | Noticed Edmund
  5474 | D:5      | Killed Edmund
  5474 | D:5      | Reached skill level 9 in Dodging
  5541 | D:5      | Reached **** piety under Trog
  6103 | D:6      | Reached XP level 8. HP: 39/39 MP: 3/9
  6160 | D:6      | You fall into a shaft and drop 1 floor!
  6296 | D:6      | Reached skill level 10 in Dodging
  6921 | D:7      | Found an opulent altar of Gozag.
  6950 | D:7      | Found an iron altar of Okawaru.
  7409 | D:8      | Found a staircase to the Lair.
  7427 | D:8      | Reached skill level 11 in Dodging
  7470 | D:8      | Reached XP level 9. HP: 43/43 MP: 3/10
  7714 | D:8      | Noticed a two-headed ogre
  7722 | D:8      | Killed a two-headed ogre
  8658 | D:9      | Reached skill level 12 in Dodging
  8658 | D:9      | Reached skill level 5 in Shields
  8711 | D:9      | Noticed a troll
  8721 | D:9      | Killed a troll
  8752 | D:9      | Noticed a two-headed ogre
  8778 | D:9      | Killed a two-headed ogre
  8778 | D:9      | Reached skill level 10 in Short Blades
  8839 | D:9      | Reached XP level 10. HP: 47/47 MP: 3/11
  8845 | D:9      | Noticed Joseph
  8857 | D:9      | Killed Joseph
  8857 | D:9      | Reached skill level 13 in Dodging
  8991 | D:9      | Found a hazy altar of Hepliaklqana.
  9205 | D:9      | Reached ***** piety under Trog
  9214 | D:9      | Noticed Pikel
  9236 | D:9      | Killed Pikel
  9236 | D:9      | Reached skill level 14 in Dodging
  9273 | D:9      | Noticed Maurice
  9277 | D:9      | Killed Maurice
  9304 | D:9      | Noticed a two-headed ogre
  9321 | D:9      | Killed a two-headed ogre
  9330 | D:9      | Found a stormy altar of Qazlal.
  9392 | D:9      | Reached skill level 15 in Dodging
  9402 | D:9      | Reached skill level 1 in Stealth
  9792 | D:10     | Entered Level 10 of the Dungeon
  9818 | D:10     | Found a staircase to the Orcish Mines.
 10017 | D:10     | Reached XP level 11. HP: 37/51 MP: 4/12
 10575 | D:10     | Received a gift from Trog
 10837 | D:11     | Noticed a purple ugly thing
 10853 | D:11     | Killed a purple ugly thing
 10854 | D:11     | Found a flagged portal.
 10885 | Bailey   | Entered a bailey
 11187 | Bailey   | Noticed an orc knight
 11236 | Bailey   | Killed an orc knight
 11236 | Bailey   | Reached skill level 5 in Stealth
 11320 | Bailey   | Found an iron altar of Okawaru.
 11327 | Bailey   | Got an ancient turquoise ring
 11338 | Bailey   | Identified the cursed ring of Tuadib {*Slow EV-4 Dex+8}
                  | (You found it in a bailey)
 11392 | D:11     | Found a frozen archway.
 11399 | IceCv    | Entered an ice cave
 11454 | IceCv    | Mangled by an ice devil

Illustrated notes

Levels and vault maps discovered:
D:1:      dpeg_arrival_solitude, layout_loops_ring
D:2:      minmay_chambers_of_twos, layout_loops_ring,
          chequers_ecumenical_altar_grove, minmay_misc_feat_four_crosses,
          st_stairs_2, kennysheep_potato
D:3:      layout_loops_corners, gammafunk_temple_overflow_wave,
          serial_bayou_ford_a, minmay_vboxes
D:4:      layout_gridville, kennysheep_little_box, minmay_temple_entry_trees,
          uniq_eustachio
D:5:      layout_rooms, uniq_edmund
D:6:      layout_basic, kennysheep_generic_room_8
D:7:      layout_cave_pools, grunt_gozag_breadcrumbs, okawaru_ov_weapons_minmay
D:8:      layout_loops_ring, lair_entry_dummy, chequers_serial_rivers_room_a,
          nrook_mini_backslash, serial_bayou_pond_c, lemuel_flamethrower_2
D:9:      nicolae_whirlpool, layout_loops_ring, lemuel_doored_altar,
          lemuel_coloured_pillars_altar, serial_bayou_pond_b, uniq_joseph,
          uniq_maurice, uniq_pikel
D:10:     layout_roguey, orc_0_dummy, minmay_misc_feat_cross
D:11:     layout_rooms, portal_ice_cave_entry_pillars_1, enter_bailey_8
Temple:   lightli_temple_of_artemis
IceCv:    ice_cave_tombish

Skill      XL: |  1  2  3  4  5  6  7  8  9 10 11 |
---------------+----------------------------------+-----
Dodging        | 5 6 7 8 9 11 12 15 | 15.6
Short Blades   | 4 5 6 7 8 10 | 10.3
Shields        | 1 2 4 5 7 |  7.2
Stealth        | 2 5 |  5.5
Fighting       | 4 |  4.6

Action                   |  1- 3 |  4- 6 |  7- 9 | 10-12 || total
-------------------------+-------+-------+-------+-------++-------
Melee: Short sword       |    58 |       |       |   151 ||   209
       Dagger            |    88 |   225 |   491 |   430 ||  1234
Throw: Dart              |       |       |       |     3 ||     3
Invok: Berserk           |     2 |     3 |     4 |     8 ||    17
       Brothers in Arms  |       |       |     1 |     1 ||     2
       Trog's Hand       |       |       |       |     2 ||     2
Evoke: Wand              |       |       |       |     2 ||     2
  Use: Scroll            |       |    10 |    12 |     6 ||    28
       Potion            |       |       |       |     1 ||     1
 Stab: Sleeping          |       |     4 |     4 |     5 ||    13
       Distracted        |       |       |     2 |     3 ||     5
Armor: Animal skin       |    22 |    15 |     6 |     9 ||    52
Dodge: Dodged            |   139 |   118 |   180 |   228 ||   665
Block: Buckler           |       |    25 |   198 |   254 ||   477
       Reflection        |       |       |     1 |    30 ||    31

Table legend: (Time is in decaauts)
 A = Elapsed time spent in this place.
 B = Non-inter-level travel time spent in this place.
 C = Inter-level travel time spent in this place.
 D = Time resting spent in this place.
 E = Time spent auto-exploring this place.
 F = Levels seen in this place.
 G = Mean time per level.
                   A        B        C        D        E       F      G
               +--------+--------+--------+--------+--------+-----+--------+
         Total |   8473 |   8291 |    182 |   1478 |   4714 |  14 |  605.2 |
       Dungeon |   7987 |   7805 |    182 |   1256 |   4651 |  11 |  726.1 |
        Temple |     75 |     75 |      0 |      0 |     63 |   1 |   75.0 |
        Bailey |    381 |    381 |      0 |    222 |      0 |   1 |  381.0 |
      Ice Cave |     28 |     28 |      0 |      0 |      0 |   1 |   28.0 |
               +--------+--------+--------+--------+--------+-----+--------+

Top non-repeatable levels by time:
     D:1: 1190 daAuts
     D:3: 1138 daAuts
     D:2: 961 daAuts
     D:8: 956 daAuts
     D:9: 805 daAuts
     D:6: 684 daAuts
     D:4: 601 daAuts
    D:10: 600 daAuts
     D:5: 485 daAuts
     D:7: 404 daAuts
  Bailey: 381 daAuts
    D:11: 158 daAuts
  Temple: 75 daAuts
   IceCv: 28 daAuts
